 Dungeon Crawl Stone Soup version 0.29-a0-866-g0545e20025 (webtiles) character file.

Game seed: 17890924308633125006

450 Ajdolov the Cudgeller (level 7, -8/35 HPs)
             Began as a Vine Stalker Fighter on July 17, 2022.
             Was an Initiate of the Shining One.
             Mangled by Duvessa
             ... wielding a +0 short sword
              (11 damage)
             ... on level 4 of the Dungeon.
             The game lasted 00:05:16 (3816 turns).

Ajdolov the Cudgeller (Vine Stalker Fighter)        Turns: 3816, Time: 00:05:16

Health: -8/35      AC: 12    Str: 20    XL:     7   Next: 4%
Magic:  0/8        EV: 10    Int: 10    God:    the Shining One [......]
Gold:   245        SH:  5    Dex: 14    Spells: 6/6 levels left

rFire   + . .      SeeInvis .   n - +0 whip
rCold   . . .      Faith    .   c - +0 buckler
rNeg    + . .      Spirit   +   v - +6 ring mail of Death Resistance {rF+ rN+ Int+2}
rPois   .          Reflect  .   (no helmet)
rElec   .          Harm     .   (no cloak)
rCorr   .          Rampage  .   (no gloves)
Will    .....                   e - +0 pair of boots
Stlth   +.........              (no amulet)
HPRegen 0.91/turn               (no ring)
MPRegen 0.11/turn               (no ring)

@: glowing
A: fangs 2, regeneration 1, magic shield, antimagic bite, no potion heal 2
a: Renounce Religion


You were on level 4 of the Dungeon.
You worshipped the Shining One.
The Shining One was noncommittal.
You visited 2 branches of the dungeon, and saw 6 of its levels.

You collected 245 gold pieces.

Inventory:

Hand Weapons
 a - a +0 flail
 n - a +0 whip (weapon)
Missiles
 o - 9 javelins (quivered)
 p - 3 silver javelins
Armour
 c - a +0 buckler (worn)
 e - a +0 pair of boots (worn)
 v - the +6 ring mail of Death Resistance (worn) {rF+ rN+ Int+2}
   (You found it on level 4 of the Dungeon)

   Int:       It affects your intelligence (+2).
   rF:        It protects you from fire.
   rN:        It protects you from negative energy.
Wands
 r - a wand of polymorph (9)
Scrolls
 b - a scroll of magic mapping {unknown}
 f - a scroll of fog {unknown}
 g - a scroll of teleportation {unknown}
 h - a scroll of fear
 i - a scroll of noise {unknown}
 k - 2 scrolls of immolation {unknown}
 m - 4 scrolls of identify {unknown}
 q - a scroll of amnesia {unknown}
 t - 2 scrolls of blinking {unknown}
 u - a scroll of enchant weapon {unknown}
Potions
 d - 2 potions of might
 j - a potion of lignification {unknown}
 s - a potion of ambrosia {unknown}
 w - a potion of mutation {unknown}
 x - a potion of attraction {unknown}


   Skills:
 - Level 2.6 Fighting
 * Level 5.5 Maces & Flails
 - Level 2.4 Armour
 + Level 4.5 Shields


You had 6 spell levels left.
You didn't know any spells.
Your spell library contained the following spells:

 Spells                   Type           Power      Damage    Failure   Level
 Freeze                   Ice            0%         1d3       63%         1
 Ensorcelled Hibernation  Hex/Ice        0%         N/A       77%         2
 Passwall                 Tmut/Erth      0%         N/A       77%         2
 Conjure Flame            Conj/Fire      0%         6-21      94%         3
 Frozen Ramparts          Ice            0%         1d2       94%         3
 Gell's Gravitas          Tloc           0%         N/A       94%         3
 Ignite Poison            Fire/Tmut/Pois 0%         N/A       94%         3
 Lesser Beckoning         Tloc           0%         N/A       94%         3
 Swiftness                Air            0%         N/A       94%         3
 Teleport Other           Tloc           0%         N/A       94%         3
 Hailstorm                Conj/Ice       0%         3d3       100%        4
 Sticky Flame             Conj/Fire      0%         2d3       100%        4


Dungeon Overview and Level Annotations

Branches:
Dungeon (5/15)             Temple (1/1) D:4

Altars:
Fedhas
Gozag
Hepliaklqana
Kikubaaqudgha
Nemelex Xobeh
Okawaru
Ru
Vehumet
Wu Jian
Yredelemnul
Zin
The Shining One

Shops:
D:2 *

Annotations:
D:4 Duvessa
D:5 Edmund


Innate Abilities, Weirdness & Mutations

You have extremely sharp teeth.
Your natural rate of healing is unusually fast.
When hurt, damage is shared between your health and your magic reserves.
Your bite disrupts and absorbs the magic of your enemies.
Potions cannot restore your health.


Message History

Press: ? - help, Shift-Dir - straight line, f/p - Duvessa
Aim: Duvessa, wielding a +0 short sword, wearing a +0 scale mail and carrying a wand of flame (14) (berserk, 67% to hit, chance to blind on hit: 51%)
You throw an atropa-tipped dart.
The atropa-tipped dart closely misses Duvessa.
Duvessa hits you but does no damage.
Throw: dart (atropa)
Press: ? - help, Shift-Dir - straight line, f/p - Duvessa
Aim: Duvessa, wielding a +0 short sword, wearing a +0 scale mail and carrying a wand of flame (14) (berserk, 67% to hit, chance to blind on hit: 51%)
You throw an atropa-tipped dart. The atropa-tipped dart hits Duvessa.
Duvessa appears confused.
You hit Duvessa.
Duvessa is lightly wounded.
Duvessa seems less confused.
Duvessa barely misses you.
You hit Duvessa. You bite Duvessa, but do no damage.
Duvessa is lightly wounded.
You block Duvessa's attack. Duvessa hits you with a +0 short sword.
You hit Duvessa but do no damage. You bite Duvessa, but do no damage.
Duvessa is lightly wounded.
Duvessa barely misses you.
You hit Duvessa.
Duvessa is moderately wounded.
You block Duvessa's attack.
You hit Duvessa. You bite Duvessa. You drain her power.
You feel invigorated.
Duvessa is moderately wounded.
Duvessa is no longer blind.
Duvessa hits you with a +0 short sword!
You hit Duvessa but do no damage.
Duvessa is moderately wounded.
Duvessa hits you with a +0 short sword!
* * * LOW HITPOINT WARNING * * *
Duvessa closely misses you. You block Duvessa's attack.
Duvessa attacks as you move away! Duvessa hits you but does no damage.
Duvessa hits you with a +0 short sword.
* * * LOW HITPOINT WARNING * * *
Okay, then.
Okay, then.
As you read the scroll labelled ZUAW HATUEK, it crumbles to dust.
You assume a fearsome visage.
Duvessa is unaffected.
It was a scroll of fear.
Duvessa closely misses you. Duvessa hits you with a +0 short sword!
You die...

###......####......# #......
#........# #......# #......
#...###### #......# #......
#.......# #......####......
#.......# #...............#
#.......# #......##########
#.......# #..........######
##......#####........#......#
#......#>.e@.....#........>#
#......#.([......+.........#
##'#####.........#........##
#.# #.........#........## #.#
#.........#.......... #.#
#...>.....#####...... #.#
#.........# #...... #######.#
#.......(.#####......
......#.#
#....................


You could see Duvessa (berserk).

Vanquished Creatures
  A black bear (D:4)
  A phantom (D:4)
  Dowan (D:5)
  2 hounds (D:4)
  4 gnolls (D:4)
  8 adders
  3 worms (D:2)
  3 dart slugs
  6 ball pythons
  4 bats
  6 endoplasms
  5 giant cockroaches
  6 goblins
  4 hobgoblins
  A quokka (D:2)
  4 frilled lizards
  5 kobolds
  2 rats
66 creatures vanquished.

Notes
Turn   | Place    | Note
-------+----------+-------------------------------------------
     0 | D:1      | Ajdolov the Vine Stalker Fighter began the quest for the
                  | Orb.
     0 | D:1      | Reached XP level 1. HP: 11/11 MP: 2/2
   158 | D:1      | Reached skill level 2 in Maces & Flails
   222 | D:1      | Reached XP level 2. HP: 15/16 MP: 1/3
  1034 | D:2      | Reached XP level 3. HP: 19/19 MP: 4/4
  1415 | D:2      | Found Jabeuriv's Assorted Antiques.
  1486 | D:2      | Reached skill level 3 in Maces & Flails
  2308 | D:3      | Gained mutation: Your natural rate of healing is unusually
                  | fast. [Vine Stalker growth]
  2308 | D:3      | Reached XP level 4. HP: 15/23 MP: 5/5
  2523 | D:3      | Found a faded altar of an unknown god.
  2551 | D:3      | Reached XP level 5. HP: 23/27 MP: 6/6
  2584 | D:3      | Found an opulent altar of Gozag.
  2588 | D:3      | Found a radiant altar of Vehumet.
  2591 | D:3      | Found a sacrificial altar of Ru.
  2886 | D:4      | Found a hazy altar of Hepliaklqana.
  2921 | D:4      | Noticed a black bear
  2939 | D:4      | Killed a black bear
  2940 | D:4      | Reached skill level 4 in Maces & Flails
  3022 | D:4      | Reached XP level 6. HP: 32/32 MP: 7/7
  3023 | D:4      | Found a staircase to the Ecumenical Temple.
  3032 | Temple   | Entered the Ecumenical Temple
  3117 | Temple   | Became a worshipper of the Shining One
  3237 | D:4      | Identified the +6 ring mail of Death Resistance {rF+ rN+
                  | Int+2}
  3385 | D:4      | Reached skill level 5 in Maces & Flails
  3675 | D:5      | Entered Level 5 of the Dungeon
  3675 | D:5      | Noticed Edmund
  3717 | D:5      | Noticed Dowan
  3718 | D:5      | Noticed Duvessa
  3777 | D:5      | Killed Dowan
  3778 | D:5      | Reached XP level 7. HP: 35/35 MP: 8/8
  3816 | D:4      | Mangled by Duvessa

Illustrated notes

Levels and vault maps discovered:
D:1:      dpeg_arrival_pits, layout_basic
D:2:      layout_basic, serial_shops, nicolae_diamond_shop, dk_noncrumbling_3,
          minivault_26, nrook_uturn
D:3:      layout_rooms, minmay_overflow_temple_star_quad,
          nicolae_ecumenical_snake_handling
D:4:      layout_basic, worldfamousw_hep_ancestral_shrine,
          minmay_temple_entry_mini_moons, columned_hall_lemuel
D:5:      layout_gridville, gammafunk_temple_overflow_forgotten,
          grunt_decor_resistance, uniq_blork_the_orc, uniq_edmund, uniq_duvessa
Temple:   hc_temple_tempest_star

Skill      XL: |  1  2  3  4  5  6 |
---------------+-------------------+-----
Maces & Flails | 2 3 4 5 |  5.5
Shields        | 3 4 |  4.5
Fighting       | |  2.6
Armour         | |  2.4

Action                   |  1- 3 |  4- 6 |  7- 9 || total
-------------------------+-------+-------+-------++-------
Melee: Flail             |    67 |       |       ||    67
       Bite              |    19 |    38 |     3 ||    60
       Whip              |    42 |   142 |     6 ||   190
Throw: Dart              |       |    11 |     4 ||    15
       Javelin           |       |     1 |       ||     1
  Use: Potion            |       |     1 |       ||     1
       Scroll            |       |       |     1 ||     1
 Stab: Invisible         |       |     1 |       ||     1
Armor: Scale mail        |    43 |    46 |       ||    89
       Ring mail         |       |    18 |     3 ||    21
Dodge: Dodged            |    40 |    63 |     8 ||   111
Block: Buckler           |    16 |    32 |     5 ||    53

Table legend: (Time is in decaauts)
 A = Elapsed time spent in this place.
 B = Non-inter-level travel time spent in this place.
 C = Inter-level travel time spent in this place.
 D = Time resting spent in this place.
 E = Time spent auto-exploring this place.
 F = Levels seen in this place.
 G = Mean time per level.
                   A        B        C        D        E       F      G
               +--------+--------+--------+--------+--------+-----+--------+
         Total |   3828 |   3641 |    187 |     18 |   2910 |   6 |  638.0 |
       Dungeon |   3723 |   3555 |    168 |     18 |   2836 |   5 |  744.6 |
        Temple |    105 |     86 |     19 |      0 |     74 |   1 |  105.0 |
               +--------+--------+--------+--------+--------+-----+--------+

Top non-repeatable levels by time:
     D:2: 1228 daAuts
     D:1: 1045 daAuts
     D:4: 773 daAuts
     D:3: 609 daAuts
  Temple: 105 daAuts
     D:5: 65 daAuts
